 Dungeon Crawl Stone Soup version 0.27-a0-998-g4cfe56dd59 (webtiles) character file.

Game seed: 14117524935301714712

269590 tilp the Unseen (level 20, -6/113 HPs)
             Began as a Vine Stalker Brigand on Apr 16, 2021.
             Was an Elder of Uskayaw.
             Mangled by a vault warden
             ... wielding a +0 great mace
              (22 damage)
             ... on level 1 of the Vaults.
             The game lasted 01:41:11 (38090 turns).

tilp the Unseen (Vine Stalker Brigand)             Turns: 38090, Time: 01:41:12

Health: -6/113     AC: 20    Str: 15    XL:     20   Next: 18%
Magic:  0/33       EV: 21    Int: 11    God:    Uskayaw [****..]
Gold:   1618       SH: 14    Dex: 28    Spells: 19/19 levels left

rFire    + + .     SeeInvis .   a - +4 dagger (flame)
rCold    . . .     Faith    +   F - +0 kite shield
rNeg     + . .     Spirit   +   l - +3 scale mail of the Ageless Ships {rElec rF+ Dex+4 Slay+4}
rPois    +         Reflect  .   G - +2 helmet
rElec    +         Harm     .   B - +1 cloak of Fortification {rPois Regen+ Int+2}
rCorr    .         Rampage  .   M - +2 pair of gloves {archery}
Will     +++..                  T - +0 pair of boots {Stlth+}
Stlth    +++++++...             z - amulet of faith
HPRegen  2.28/turn              L - +4 ring of evasion
MPRegen  0.23/turn              k - ring "Xoiwiuq" {Fly rF+ rN+ Will+}

@: flying
A: fangs 3, regeneration 1, magic shield, antimagic bite, no potion heal 2,
dopey 1, subdued magic 1
}: 2/15 runes: decaying, serpentine
a: Renounce Religion, Stomp, Line Pass


You were on level 1 of the Vaults.
You worshipped Uskayaw.
Uskayaw was most pleased with you.
You visited 8 branches of the dungeon, and saw 34 of its levels.
You visited 1 bazaar.
You also visited: Gauntlet, Ice Cave and Wizlab.

You collected 4761 gold pieces.
You spent 3143 gold pieces at shops.

Inventory:

Hand Weapons
 a - a +4 dagger of flaming (weapon)
 i - a +2 dagger of freezing
 S - a +4 antimagic rapier
Missiles
 d - 128 poisoned darts (quivered)
 e - 11 curare-tipped darts {!f}
 t - 21 boomerangs
 w - 30 javelins
 X - a boomerang of dispersal
Armour
 l - the +3 scale mail of the Ageless Ships (worn) {rElec rF+ Dex+4 Slay+4}
   (You bought it in a shop in a bazaar)

   It affects your dexterity (+4).
   It affects your accuracy and damage with ranged weapons and melee attacks
   (+4).
   It protects you from fire.
   It insulates you from electricity.
 v - the +1 shadow dragon scales "Coekhlee" {Rampage Regen+ Dex-2 Stlth++++}
   (You took it off a minotaur in a Gauntlet)

   It affects your dexterity (-2).
   It increases your rate of health regeneration.
   It bestows one free step when moving towards enemies.
   It makes you much more stealthy.
 B - the +1 cloak of Fortification (worn) {rPois Regen+ Int+2}
   (You acquired it on level 4 of the Dungeon)

   It affects your intelligence (+2).
   It protects you from poison.
   It increases your rate of health regeneration.
 E - the +3 plate armour "Cuhuqis" {rPois Dex+3}
   (You found it in a Gauntlet)

   It affects your dexterity (+3).
   It protects you from poison.
 F - a +0 kite shield (worn)
 G - a +2 helmet (worn)
 M - a +2 pair of gloves of archery (worn)
 P - the +0 cloak "Boanaergh" {rC+ MP+9}
   (You found it on level 10 of the Dungeon)

   It protects you from cold.
   It affects your magic capacity (+9).
 T - a +0 pair of boots of stealth (worn)
Jewellery
 k - the ring "Xoiwiuq" (right hand) {Fly rF+ rN+ Will+}
   (You found it in a Gauntlet)

   [ring of protection from fire]

   It protects you from fire.
   It protects you from negative energy.
   It grants you flight.
   It increases your willpower.
 x - the ring of the Albatross {Fire MP+9 Int-5 Dex-5 SInv}
   (You found it on level 13 of the Dungeon)

   [ring of fire]

   It enhances your fire magic.
   It affects your intelligence (-5).
   It affects your dexterity (-5).
   It protects you from fire.
   It makes you vulnerable to cold.
   It affects your magic capacity (+9).
   It lets you see invisible.
 z - an amulet of faith (around neck)
 C - the ring of the Solstice {rC++ Dex+6}
   (You found it on level 2 of the Snake Pit)

   [ring of dexterity]

   It affects your dexterity (+6).
   It greatly protects you from cold.
 K - the ring of Niamix {AC+4 Str+4}
   (You acquired it on level 5 of the Lair of Beasts)

   [ring of protection]

   It affects your AC (+4).
   It affects your strength (+4).
 L - a +4 ring of evasion (left hand)
 R - the ring of the Ageing Jester {rN+ Will+ rCorr Str-3}
   (You took it off a minotaur in a Gauntlet)

   [ring of positive energy]

   It affects your strength (-3).
   It protects you from negative energy.
   It protects you from acid and corrosion.
   It increases your willpower.
Wands
 c - a wand of iceblast (107)
 q - a wand of polymorph (31)
 y - a wand of mindburst (10)
 D - a wand of acid (24)
 I - a wand of flame (72)
 V - a wand of charming (10)
 W - a wand of paralysis (11)
Scrolls
 b - a scroll of holy word
 j - 3 scrolls of summoning
 m - 3 scrolls of fog
 n - 5 scrolls of enchant weapon
 s - 9 scrolls of teleportation
 u - 6 scrolls of magic mapping
 A - a scroll of fear
 Z - a scroll of silence
Potions
 f - 6 potions of attraction
 g - 4 potions of cancellation
 h - 7 potions of curing
 o - 3 potions of mutation
 p - a potion of magic
 r - 2 potions of invisibility
 H - 5 potions of might
 J - 2 potions of haste
 Q - 6 potions of resistance
 U - a potion of berserk rage
Miscellaneous
 N - a box of beasts (inert)
 O - a condenser vane (inert)


   Skills:
 + Level 15.0 Fighting
 - Level 16.0 Short Blades
 - Level 1.7 Throwing
 + Level 6.1 Armour
 + Level 10.1 Dodging
 - Level 16.0 Stealth
 - Level 14.0 Shields
 - Level 16.0 Invocations
 + Level 8.1 Evocations


You had 19 spell levels left.
You didn't know any spells.
Your spell library contained the following spells:

 Spells                   Type           Power      Damage    Failure   Level
 Apportation              Tloc           0%         N/A       77%         1
 Freeze                   Ice            0%         1d3       77%         1
 Pain                     Necr           0%         1d4       77%         1
 Sting                    Tmut/Pois      0%         1d3       77%         1
 Summon Small Mammal      Summ           0%         N/A       77%         1
 Call Imp                 Summ           0%         N/A       89%         2
 Corpse Rot               Necr/Air       N/A        N/A       89%         2
 Ensorcelled Hibernation  Hex/Ice        0%         N/A       89%         2
 Passwall                 Tmut/Erth      0%         N/A       89%         2
 Poisonous Vapours        Pois/Air       0%         N/A       89%         2
 Searing Ray              Conj           0%         3d3       89%         2
 Static Discharge         Conj/Air       0%         N/A       89%         2
 Call Canine Familiar     Summ           0%         N/A       98%         3
 Dazzling Flash           Conj/Hex       0%         N/A       98%         3
 Frozen Ramparts          Ice            0%         1d2       98%         3
 Lesser Beckoning         Tloc           0%         N/A       98%         3
 Mephitic Cloud           Conj/Pois/Air  0%         N/A       98%         3
 Spider Form              Tmut/Pois      0%         N/A       98%         3
 Summon Guardian Golem    Hex/Summ       0%         N/A       98%         3
 Tukima's Dance           Hex            0%         N/A       98%         3
 Animate Dead             Necr           0%         N/A       100%        4
 Hailstorm                Conj/Ice       0%         3d3       100%        4
 Iskenderun's Mystic Bla  Conj/Tloc      0%         2d3       100%        4
 Olgreb's Toxic Radiance  Pois           0%         N/A       100%        4
 Summon Ice Beast         Ice/Summ       0%         N/A       100%        4
 Summon Lightning Spire   Summ/Air       0%         N/A       100%        4
 Alistair's Intoxication  Tmut/Pois      0%         N/A       100%        5
 Bolt of Magma            Conj/Fire/Erth 0%         4d4       100%        5
 Borgnjor's Vile Clutch   Necr/Erth      0%         N/A       100%        5
 Irradiate                Conj/Tmut      0%         3d13      100%        5
 Iskenderun's Battlesphe  Conj           0%         2d6       100%        5
 Metabolic Englaciation   Hex/Ice        0%         N/A       100%        5
 Blade Hands              Tmut           0%         N/A       100%        6
 Invisibility             Hex            0%         N/A       100%        6
 Iron Shot                Conj/Erth      0%         9d1       100%        6
 Statue Form              Tmut/Erth      0%         N/A       100%        6
 Dragon Form              Tmut           0%         N/A       100%        7
 Orb of Destruction       Conj           0%         N/A       100%        7
 Ozocubu's Refrigeration  Ice            0%         4d5       100%        7
 Spellforged Servitor     Conj/Summ      0%         N/A       100%        7
 Borgnjor's Revivificati  Necr           0%         N/A       100%        8
 Infestation              Necr           0%         N/A       100%        8
 Necromutation            Tmut/Necr      0%         N/A       100%        8
 Death's Door             Necr           0%         N/A       100%        9


Dungeon Overview and Level Annotations

Branches:
Dungeon (15/15)            Temple (1/1) D:4            Lair (6/6) D:9
  Swamp (4/4) Lair:4        Snake (4/4) Lair:3        Slime (0/5) Lair:5
    Orc (2/2) D:10            Elf (0/3) Orc:2        Vaults (1/5) D:13
 Depths (1/5) D:15          IceCv (visited)          WizLab (visited)
Gauntlet (visited)

Altars:
Ashenzari
Cheibriados
Dithmenos
Elyvilon
Fedhas
Gozag
Hepliaklqana
Kikubaaqudgha
Makhleb
Nemelex Xobeh
Okawaru
Qazlal
Ru
Sif Muna
Trog
Uskayaw
Vehumet
Wu Jian
Xom
Yredelemnul
Zin
The Shining One
Beogh
Jiyva

Shops:
D:4 [   D:6 [   D:13 [!   Orc:1 (   Orc:2 :[!:   Snake:3 :[!   Snake:4 [

Portals:
Abyss: D:8

Annotations:
Swamp:1 3 runed translucent doors, Scuka's ghost, adept MiBe
Swamp:2 1 runed translucent door, Keusia's ghost, adept FoFi


Innate Abilities, Weirdness & Mutations

You have razor-sharp teeth.
Your natural rate of healing is unusually fast.
When hurt, damage is shared between your health and your magic reserves.
Your bite disrupts and absorbs the magic of your enemies.
Potions cannot restore your health.
You are dopey. (Int -2)
Your spells are a little easier to cast, but a little less powerful.


Message History

The vault warden's magic leaks into the air.
You drain its magic.
You feel invigorated.
The vault warden is moderately wounded.
You block the vault warden's attack.
Unknown command.
You puncture the vault warden! You burn the vault warden.
You bite the vault warden!
The vault warden's magic leaks into the air.
You drain its magic.
You feel invigorated.
The vault warden is heavily wounded.
The vault guard barely misses you. The vault warden misses you.
The ironbound convoker misses you. The vault warden barely misses you.
Uskayaw will force your foes to share their pain.
You hit the vault warden. You burn the vault warden.
You bite the vault warden, but do no damage.
The vault warden is severely wounded.
You block the vault guard's attack.
Unknown command.
You hit the vault warden. You burn the vault warden.
You bite the vault warden, but do no damage.
The vault warden is severely wounded.
The vault guard hits you from afar with a +0 bardiche.
* * * LOW HITPOINT WARNING * * *
The ironbound convoker closely misses you.
The vault warden hits you with a +0 great mace.
* * * LOW HITPOINT WARNING * * *
You block the vault warden's attack.
You closely miss the vault warden.
The vault warden is severely wounded.
The vault guard hits you with a +0 great sword.
* * * LOW HITPOINT WARNING * * *
Unknown command.
You puncture the vault warden! You burn the vault warden.
You bite the vault warden!
The vault warden's magic leaks into the air.
You drain its magic.
You feel invigorated.
The vault warden is almost dead.
The vault guard hits you but does no damage.
The vault warden hits you with a +0 great mace!!!
You die...

.........................
.........................
.........................
.........................
.........................
.........................
.......pppp.......p..)...
........@)p..............
#########+##########+#+##
#......# #..... #).....#
#.##.# ###########.†....#
#.##.# #.........#......#
#...). #.........#......#
#.##.# #.........'......#
#>##.# #....∩...>#......#
#.....


You could see 2 vault wardens, 2 vault guards and an ironbound convoker.

Vanquished Creatures
  Saint Roka (Orc:2)
  Vashnia (Snake:2)
  Rupert (D:13)
  Asterion (Snake:2)
  4 liches (D:13)
  2 thorn hunters
  2 nagarajas (Snake:4)
  3 fenstrider witches
  A frost giant (IceCv)
  Louise (D:14)
  Aizul (Snake:1)
  Azrael (Orc:2)
  2 dire elephants (Vaults:1)
  A minotaur (Gauntlet)
  4 bunyips
  The ghost of t4s4d4r the Geomancer, a journeyman OpEE of Gozag (Lair:2)
  4 salamander tyrants
  An ettin (D:15)
  A green death (WizLab)
  Snorg (D:12)
  3 eleionomae
  Josephine (Lair:5)
  Fannar (D:12)
  The ghost of Waut the Nimble, a journeyman TeGl of Uskayaw (D:13)
  A rakshasa (D:15)
  2 vault guards (Vaults:1)
  16 naga warriors
  6 centaur warriors
  3 ice dragons
  21 hydras
  2 ogre magi (Orc:2)
  A catoblepas (D:12)
  A monstrous demonspawn (Depths:1)
  6 boulder beetles
  14 anacondas
  A hell beast (Gauntlet)
  2 two-headed ogres
  6 alligators
  3 tengu warriors
  3 death yaks (Lair:5)
  2 ironbound beastmasters (Vaults:1)
  Urug (D:13)
  An orc high priest (Orc:2)
  A deep elf knight (D:13)
  7 shock serpents
  5 hell knights (Depths:1)
  25 naga sharpshooters
  Sonja (Lair:6)
  Nergalle (D:11)
  The ghost of funkygono the Thaumaturge, a novice DjFE (D:8)
  2 sun demons (WizLab)
  3 sixfirhies
  6 goliath frogs
  7 salamander mystics
  3 swamp dragons
  2 spriggan druids
  4 bog bodies
  7 naga ritualists
  5 necromancers
  A shadow demon (WizLab)
  4 lindwurms
  A glowing orange brain (Depths:1)
  A harpy (shapeshifter) (D:15)
  5 deep elf pyromancers
  2 ironbound convokers (Vaults:1)
  8 mana vipers
  2 oklob plants (Lair:1)
  3 ugly things
  6 cyclopes
  8 orc sorcerers (Orc:2)
  9 will-o-the-wisps
  28 elephants
  5 manticores
  A spectral boulder beetle (Lair:2)
  12 salamanders
  3 guardian serpents
  31 black mambas
  30 naga magi
  7 torpor snails
  An ice statue (IceCv)
  4 smoke demons (WizLab)
  A gargoyle (D:13)
  12 cane toads
  3 orange demons
  A hellion (WizLab)
  2 minotaur zombies (Gauntlet)
  An efreet (D:15)
  7 komodo dragons
  6 freezing wraiths
  5 yaktaurs (D:15)
  3 rime drakes
  An ice devil (WizLab)
  A tengu conjurer (D:13)
  A hellwing (Depths:1)
  A red devil (Depths:1)
  A tormentor (WizLab)
  3 meliai (D:14)
  A bloated husk (Swamp:2)
  Grinder (D:6)
  28 polar bears
  16 hornets
  12 tyrant leeches
  7 trolls
  26 blink frogs
  A raiju (Lair:6)
  3 dream sheep (Lair:6)
  A spectral black mamba (Lair:2)
  A ynoxinul (WizLab)
  A vampire (D:12)
  9 spriggans
  A tarantella (shapeshifter) (D:14)
  59 yaks
  5 wraiths
  A shadow (D:13)
  4 basilisks
  Eustachio (D:6)
  16 humans
  4 wyverns
  A golden eye (shapeshifter) (D:15)
  2 fire elementals (Orc:2)
  2 neqoxecs (WizLab)
  A steam dragon (D:9)
  12 vampire mosquitoes
  3 chaos spawn (Depths:1)
  6 swamp worm simulacra (Swamp:4)
  A catoblepas simulacrum (Lair:2)
  8 small abominations
  13 swamp worms
  8 wargs
  52 nagas
  2 acid dragons
  A spectral cane toad (Lair:2)
  16 hydra simulacra
  20 hell hounds
  17 water moccasins
  4 swamp drakes
  3 ice beasts
  2 sky beasts
  A necrophage (D:7)
  21 orc warriors
  12 black bears
  11 ogres
  36 wolves
  7 centaurs
  3 kobold brigands
  10 bullfrogs
  A scorpion (D:7)
  A wyvern zombie (D:5)
  A cane toad simulacrum (Lair:2)
  2 water moccasin zombies (D:7)
  3 water moccasin skeletons
  15 killer bees
  6 howler monkeys
  4 wights (D:8)
  6 electric eels
  A bullfrog zombie (D:6)
  3 centaur zombies
  2 jellies
  2 lava snakes (D:14)
  2 hounds
  13 orc priests
  Natasha (thrice) (D:2)
  An iguana (D:5)
  36 orc wizards
  2 killer bee zombies
  2 human simulacra (D:10)
  A hound zombie (D:5)
  Robin (D:4)
  2 howler monkey zombies (D:10)
  6 gnolls
  11 adders
  A howler monkey skeleton (D:6)
  13 white imps
  2 ufetubi (Gauntlet)
  2 swamp drake simulacra (Swamp:4)
  An adder skeleton (D:4)
  A worm (D:3)
  A dart slug (D:3)
  74 orcs
  2 bats (D:3)
  5 endoplasms
  3 giant cockroaches
  12 goblins
  10 hobgoblins
  6 jackals (D:3)
  7 ball pythons
  3 frilled lizards
  13 kobolds
  7 rats
  A fire vortex (D:14)
1197 creatures vanquished.

Vanquished Creatures (collateral kills)
  Agnes (Snake:2)
1 creature vanquished.

Vanquished Creatures (others)
  An azure jelly (Swamp:4)
  A hydra (Swamp:4)
  Erolcha (Orc:2)
  A bog body (Swamp:4)
  A naga mage (Snake:4)
  A tyrant leech (Swamp:4)
  A bloated husk (Swamp:1)
  A vampire mosquito (D:12)
  An orc wizard (Orc:2)
  2 adders (D:3)
  2 orcs
  A bat (D:3)
  2 hobgoblins (D:3)
  A ball python (D:3)
  A briar patch (Swamp:4)
  28 foxfires
  12 fungi
  51 plants
  2 withered plants (Swamp:2)
111 creatures vanquished.

Grand Total: 1309 creatures vanquished

Notes
Turn   | Place    | Note
-------+----------+-------------------------------------------
     0 | D:1      | tilp the Vine Stalker Brigand began the quest for the Orb.
     0 | D:1      | Reached XP level 1. HP: 11/11 MP: 2/2
   225 | D:1      | Reached XP level 2. HP: 13/15 MP: 3/3
   722 | D:2      | Identified Paadusos's Grimoire of Dark Contamination
   746 | D:2      | You fall into a shaft and drop 1 floor!
   999 | D:2      | Found an opulent altar of Gozag.
  1057 | D:2      | Reached XP level 3. HP: 2/19 MP: 1/4
  1596 | D:2      | Noticed Natasha
  1611 | D:2      | Killed Natasha
  1612 | D:2      | Gained mutation: Your natural rate of healing is unusually
                  | fast. [Vine Stalker growth]
  1612 | D:2      | Reached XP level 4. HP: 12/23 MP: 5/5
  2017 | D:2      | Noticed Natasha
  2035 | D:2      | Killed Natasha
  2130 | D:2      | Noticed Natasha
  2149 | D:2      | Killed Natasha
  2386 | D:3      | Reached XP level 5. HP: 28/28 MP: 4/6
  2504 | D:3      | Found a faded altar of an unknown god.
  2600 | D:3      | Found a shimmering altar of Xom.
  2690 | D:3      | Found a stormy altar of Qazlal.
  2690 | D:3      | Found an iron altar of Okawaru.
  2691 | D:3      | Found a sparkling altar of Nemelex Xobeh.
  2692 | D:3      | Found a snail-covered altar of Cheibriados.
  2693 | D:3      | Found a shadowy altar of Dithmenos.
  2694 | D:3      | Found an opulent altar of Gozag.
  2709 | D:3      | Noticed an ogre
  2756 | D:3      | Killed an ogre
  2757 | D:3      | Reached skill level 1 in Dodging
  2757 | D:3      | Reached XP level 6. HP: 8/33 MP: 2/7
  3065 | D:3      | Reached skill level 5 in Short Blades
  3065 | D:3      | Reached XP level 7. HP: 37/37 MP: 6/8
  4018 | D:4      | Noticed Robin
  4061 | D:4      | Killed Robin
  4113 | D:4      | Found Joatedd's Armour Boutique.
  4121 | D:4      | Bought a +0 buckler for 54 gold pieces
  4139 | D:4      | Found a staircase to the Ecumenical Temple.
  4160 | Temple   | Entered the Ecumenical Temple
  4208 | Temple   | Became a worshipper of Uskayaw the Reveller
  4283 | D:4      | Identified a scroll of acquirement
  4283 | D:4      | Acquired the +1 cloak of Fortification {rPois Regen+ Int+2}
  4322 | D:5      | Entered Level 5 of the Dungeon
  4345 | D:5      | Reached * piety under Uskayaw
  4448 | D:5      | Reached ** piety under Uskayaw
  4451 | D:5      | Reached skill level 5 in Stealth
  4479 | D:5      | Reached *** piety under Uskayaw
  4546 | D:5      | Gained mutation: You have razor-sharp teeth. [Vine Stalker
                  | growth]
  4546 | D:5      | Reached XP level 8. HP: 42/42 MP: 9/9
  4563 | D:5      | Reached **** piety under Uskayaw
  4570 | D:5      | Reached ***** piety under Uskayaw
  5515 | D:6      | Noticed Grinder
  5528 | D:6      | Killed Grinder
  5627 | D:6      | Found Diup Imn's Armour Shop.
  5686 | D:6      | Reached skill level 5 in Fighting
  5686 | D:6      | Reached XP level 9. HP: 39/47 MP: 6/10
  5818 | D:6      | Noticed Eustachio
  5839 | D:6      | Killed Eustachio
  6695 | D:7      | Reached skill level 10 in Short Blades
  6790 | D:7      | Reached skill level 1 in Invocations
  6790 | D:7      | Reached skill level 1 in Evocations
  7451 | D:8      | Acquired a manual of Short Blades
  7509 | D:8      | Reached XP level 10. HP: 51/53 MP: 11/13
  7575 | D:8      | Found a transporter.
  7577 | D:8      | Found a transporter.
  7585 | D:8      | Found a one-way gate to the infinite horrors of the Abyss.
  7585 | D:8      | Noticed funkygono's ghost (novice DjFE)
  7600 | D:8      | Noticed a two-headed ogre
  7615 | D:8      | Killed a two-headed ogre
  7815 | D:8      | Noticed an orange demon
  8027 | D:8      | Reached skill level 5 in Invocations
  8567 | D:9      | Reached skill level 1 in Shields
  8572 | D:9      | Reached skill level 1 in Armour
  8711 | D:9      | Noticed a deep elf pyromancer
  8714 | D:9      | Killed a deep elf pyromancer
  8847 | D:9      | Found a staircase to the Lair.
  8899 | D:10     | Entered Level 10 of the Dungeon
  8968 | D:10     | Reached XP level 11. HP: 52/58 MP: 14/16
  9006 | D:10     | Noticed a two-headed ogre
  9065 | D:10     | Reached ****** piety under Uskayaw
  9071 | D:10     | Killed a two-headed ogre
  9196 | D:10     | Identified the +1 scale mail "Jeussun" {Rampage Drain Str+6
                  | Dex+4}
  9314 | D:10     | Found a staircase to the Orcish Mines.
  9389 | D:10     | Identified the +0 cloak "Boanaergh" {rC+ MP+9}
  9905 | D:11     | Noticed a manticore
  9923 | D:11     | Killed a manticore
 10207 | D:11     | Noticed a centaur warrior
 10218 | D:11     | Killed a centaur warrior
 10246 | D:11     | Noticed Nergalle
 10269 | D:11     | Killed Nergalle
 10908 | D:12     | Found a gate leading to a gauntlet.
 10933 | Gauntlet | Entered a Gauntlet
 10933 | Gauntlet | Found a transporter.
 10937 | Gauntlet | Noticed a sixfirhy
 10944 | Gauntlet | Found a transporter.
 10955 | Gauntlet | Found a transporter.
 10958 | Gauntlet | Found a transporter.
 10969 | Gauntlet | Found a transporter.
 10985 | Gauntlet | Found a transporter.
 10985 | Gauntlet | Noticed a hell beast
 10992 | Gauntlet | Noticed a death scarab
 10996 | Gauntlet | Found a transporter.
 10999 | Gauntlet | Noticed a death scarab
 11007 | Gauntlet | Found a transporter.
 11012 | Gauntlet | Found a transporter.
 11012 | Gauntlet | Found a transporter.
 11033 | Gauntlet | Noticed a moth of wrath
 11041 | Gauntlet | Found a transporter.
 11041 | Gauntlet | Found a transporter.
 11089 | Gauntlet | Found a runed translucent door.
 11093 | Gauntlet | Found a runed translucent door.
 11095 | Gauntlet | Found a transporter.
 11109 | Gauntlet | Found a transporter.
 11294 | Gauntlet | Killed a sixfirhy
 11317 | Gauntlet | Identified the ring "Xoiwiuq" {Fly rF+ rN+ Will+}
 11403 | Gauntlet | Killed a hell beast
 11404 | Gauntlet | Reached XP level 12. HP: 31/63 MP: 15/18
 11432 | Gauntlet | Identified the +0 pair of gloves "Fuateh" {rC- Will+ Str+2
                  | Dex+4}
 11435 | Gauntlet | Identified the +1 shadow dragon scales "Coekhlee" {Rampage
                  | Regen+ Dex-2 Stlth++++}
 11435 | Gauntlet | Identified the ring of the Ageing Jester {rN+ Will+ rCorr
                  | Str-3}
 11435 | Gauntlet | Noticed a minotaur
 11460 | Gauntlet | Killed a minotaur
 11468 | Gauntlet | Identified the +3 plate armour "Cuhuqis" {rPois Dex+3}
 11468 | Gauntlet | Identified Easy Spellcraft
 11468 | Gauntlet | Identified the +0 leather armour of the Kettle-Drum {SInv}
 11815 | D:12     | Reached skill level 5 in Dodging
 11829 | D:12     | Noticed Fannar
 11878 | D:12     | Killed Fannar
 11986 | D:12     | Noticed Snorg
 12088 | D:12     | Noticed a centaur warrior
 12095 | D:12     | Noticed a boulder beetle
 12164 | D:12     | Killed a centaur warrior
 12358 | D:12     | Killed a boulder beetle
 12732 | D:12     | Reached skill level 10 in Stealth
 12874 | D:12     | Noticed a catoblepas
 12998 | D:12     | Noticed a centaur warrior
 13016 | D:12     | Killed a centaur warrior
 13081 | D:12     | Killed a catoblepas
 13139 | D:12     | Reached XP level 13. HP: 67/70 MP: 18/21
 13203 | D:12     | Identified the Disquisition on Virous Confrontation
 13489 | Orc:1    | Entered Level 1 of the Orcish Mines
 13489 | Orc:1    | Found Feqony's Antique Weapon Boutique.
 13942 | Orc:2    | Entered Level 2 of the Orcish Mines
 14027 | Orc:2    | Reached skill level 10 in Invocations
 14336 | Orc:2    | Reached skill level 10 in Fighting
 14353 | Orc:2    | Found a staircase to the Elven Halls.
 14472 | Orc:2    | Noticed Azrael
 14473 | Orc:2    | Noticed Erolcha
 14487 | Orc:2    | Killed Erolcha
 14507 | Orc:2    | Killed Azrael
 14908 | Orc:2    | Found Rieriv's Book Emporium.
 14988 | Orc:2    | Found Neatesubb's Distillery.
 15055 | Orc:2    | Found an ancient bone altar of Kikubaaqudgha.
 15056 | Orc:2    | Noticed Saint Roka
 15251 | Orc:2    | Found a radiant altar of Vehumet.
 15288 | Orc:2    | Found Vodgho's Antique Armour Shoppe.
 15709 | Orc:2    | Killed Saint Roka
 15820 | Orc:2    | Found Lawouwo's Book Emporium.
 15885 | Orc:2    | Bought a jewelled ring mail for 315 gold pieces
 15885 | Orc:2    | Identified the +5 ring mail of Repulsion {Rampage rElec
                  | rC-} (You bought it in a shop on level 2 of the Orcish
                  | Mines)
 15885 | Orc:2    | Bought a steaming ring mail for 315 gold pieces
 15885 | Orc:2    | Identified the +1 ring mail of Day {*Slow rF+ SInv} (You
                  | bought it in a shop on level 2 of the Orcish Mines)
 15885 | Orc:2    | Bought a fading ring mail for 315 gold pieces
 15885 | Orc:2    | Identified the +0 ring mail of Inevitability {Fly MP+9}
                  | (You bought it in a shop on level 2 of the Orcish Mines)
 16038 | Lair:1   | Entered Level 1 of the Lair of Beasts
 16318 | Lair:1   | Reached XP level 14. HP: 77/77 MP: 23/23
 16838 | Lair:2   | Found a runed translucent gate.
 16839 | Lair:2   | Found a runed translucent gate.
 16840 | Lair:2   | Found a runed translucent gate.
 16844 | Lair:2   | Noticed t4s4d4r's ghost (journeyman OpEE)
 17642 | Lair:2   | Killed t4s4d4r's ghost
 17828 | D:8      | Killed funkygono's ghost
 18304 | Lair:3   | Found a staircase to the Snake Pit.
 19050 | Lair:4   | Found a staircase to the Swamp.
 19449 | Lair:4   | Reached XP level 15. HP: 73/80 MP: 21/25
 20199 | Lair:5   | Found a staircase to the Slime Pits.
 20199 | Lair:5   | Found a viscous altar of Jiyva.
 20769 | Lair:5   | Acquired the ring of Niamix {AC+4 Str+4}
 20771 | Lair:5   | Acquired 962 gold pieces
 20772 | Lair:5   | Acquired a +0 pair of boots of stealth
 20781 | Lair:5   | Acquired a manual of Shields
 20826 | Lair:6   | Entered Level 6 of the Lair of Beasts
 20856 | Lair:6   | Noticed Josephine
 20924 | Lair:5   | Killed Josephine
 21117 | Lair:6   | Noticed Sonja
 21133 | Lair:6   | Killed Sonja
 21138 | Lair:6   | Reached skill level 5 in Shields
 21142 | Lair:6   | Identified the +1 falchion of Interdependent Arising {holy,
                  | rCorr}
 21807 | Lair:6   | Reached skill level 5 in Evocations
 22011 | Lair:6   | Reached XP level 16. HP: 86/86 MP: 24/27
 22363 | Lair:6   | Found a runed translucent door.
 22430 | Lair:6   | Paralysed by a hornet for 2 turns
 22442 | Lair:6   | Reached skill level 5 in Armour
 23119 | D:12     | Killed Snorg
 23161 | D:13     | Found a gate to the Vaults.
 23161 | D:13     | Noticed Rupert
 23161 | D:13     | Noticed Urug
 23308 | D:13     | Killed Rupert
 23316 | D:13     | Found a frozen archway.
 23322 | D:13     | Found Boyddic's Distillery.
 23369 | IceCv    | Entered an ice cave
 23856 | IceCv    | Identified Opsiupn's Collected Works on the Frostbite
 24206 | D:13     | Killed Urug
 24263 | D:13     | Found Halasima's Antique Armour Emporium.
 24281 | D:13     | Found a flickering gateway to a bazaar.
 24301 | Bazaar   | Entered a bazaar
 24328 | Bazaar   | Found Etiafe's Antique Armour Shoppe.
 24328 | Bazaar   | Found Miqu's Weapon Emporium.
 24350 | Bazaar   | Found Disuett's Book Emporium.
 24403 | Bazaar   | Bought a brightly glowing scale mail for 216 gold pieces
 24403 | Bazaar   | Identified the +3 scale mail of the Ageless Ships {rElec
                  | rF+ Dex+4 Slay+4} (You bought it in a shop in a bazaar)
 24403 | Bazaar   | Bought a masterwork chain mail for 228 gold pieces
 24403 | Bazaar   | Identified the +1 chain mail of Ubi Xuow {rN+} (You bought
                  | it in a shop in a bazaar)
 24516 | D:13     | Bought a pair of bloodstained boots for 294 gold pieces
 24516 | D:13     | Identified the +0 pair of boots "Lealo" {rF+ Str-5 Int+4}
                  | (You bought it in a shop on level 13 of the Dungeon)
 24518 | D:13     | Bought a pair of embroidered gloves for 232 gold pieces
 24524 | D:13     | Bought a fine ring mail for 279 gold pieces
 24524 | D:13     | Identified the +1 ring mail "Hyha" {rPois rF+ Int+2 Dex+4}
                  | (You bought it in a shop on level 13 of the Dungeon)
 24524 | D:13     | Bought a faintly glowing scale mail for 279 gold pieces
 24524 | D:13     | Identified the +0 scale mail of the Bagpipe {+Inv rC+ rCorr
                  | Str+5} (You bought it in a shop on level 13 of the Dungeon)
 24524 | D:13     | Bought a glowing helmet for 232 gold pieces
 24590 | D:13     | Reached skill level 15 in Stealth
 24756 | D:13     | Found a runed translucent gate.
 24756 | D:13     | Found a runed translucent gate.
 24756 | D:13     | Found an ancient bone altar of Kikubaaqudgha.
 24756 | D:13     | Found a runed translucent gate.
 24756 | D:13     | Noticed a lich
 24756 | D:13     | Noticed a lich
 24756 | D:13     | Noticed a lich
 24756 | D:13     | Noticed a lich
 24757 | D:13     | Noticed Waut's ghost (journeyman TeGl)
 24999 | D:13     | Bought a potion of invisibility for 128 gold pieces
 25281 | D:14     | Noticed Louise
 25291 | D:14     | Killed Louise
 25292 | D:14     | Reached skill level 15 in Short Blades
 26103 | D:15     | Entered Level 15 of the Dungeon
 26118 | D:15     | Found a staircase to the Depths.
 26421 | D:15     | Reached XP level 17. HP: 83/91 MP: 26/29
 26808 | D:13     | Killed a lich
 26810 | D:13     | Killed a lich
 26814 | D:13     | Killed a lich
 26814 | D:13     | Killed Waut's ghost
 26821 | D:13     | Killed a lich
 26838 | D:13     | Identified the +0 pair of boots of Zoeryruw {rN+}
 26844 | D:13     | Identified the ring of the Albatross {Fire MP+9 Int-5 Dex-5
                  | SInv}
 27080 | Swamp:1  | Entered Level 1 of the Swamp
 27118 | Swamp:1  | Reached skill level 15 in Invocations
 27270 | Swamp:1  | Found a runed translucent gate.
 27270 | Swamp:1  | Found a runed translucent gate.
 27270 | Swamp:1  | Found a runed translucent gate.
 27271 | Swamp:1  | Noticed Scuka's ghost (adept MiBe)
 27719 | Swamp:2  | Reached skill level 10 in Shields
 27795 | Swamp:2  | Found a runed translucent door.
 27796 | Swamp:2  | Noticed Keusia's ghost (adept FoFi)
 29193 | Swamp:4  | Entered Level 4 of the Swamp
 29256 | Swamp:4  | Reached XP level 18. HP: 98/98 MP: 30/30
 30127 | Swamp:4  | Got a decaying rune of Zot
 30499 | D:13     | Bought a potion of magic for 128 gold pieces
 30499 | D:13     | Bought a potion of mutation for 128 gold pieces
 30749 | Snake:1  | Entered Level 1 of the Snake Pit
 31360 | Snake:1  | Noticed Aizul
 31365 | Snake:1  | Found a sacrificial altar of Ru.
 31367 | Snake:1  | Killed Aizul
 31999 | Snake:2  | Noticed Agnes
 32022 | Snake:2  | Noticed Vashnia
 32262 | Snake:2  | Noticed Asterion
 32284 | Snake:2  | Killed Asterion
 32502 | Snake:2  | Killed Agnes
 32710 | Snake:2  | Killed Vashnia
 32940 | Snake:2  | Identified the ring of the Solstice {rC++ Dex+6}
 33059 | Snake:2  | Reached XP level 19. HP: 102/102 MP: 32/32
 34045 | Snake:3  | Found Empacs's Distillery.
 34045 | Snake:3  | Found Siebiv's Armour Shoppe.
 34049 | Snake:3  | Found Daleckemn's Book Emporium.
 35319 | Snake:4  | Entered Level 4 of the Snake Pit
 35344 | Snake:4  | Found an opulent altar of Gozag.
 35685 | Snake:4  | Found Ynuff's Armour Boutique.
 36053 | Snake:4  | Reached skill level 10 in Dodging
 36424 | Snake:4  | Got a serpentine rune of Zot
 36814 | Depths:1 | Entered Level 1 of the Depths
 36856 | Depths:1 | Found a magical portal.
 36970 | WizLab   | Entered The Hall of the Hellbinder
 37011 | WizLab   | Reached XP level 20. HP: 112/112 MP: 33/33
 37163 | WizLab   | Gained mutation: Your spells are a little easier to cast,
                  | but a little less powerful. [a neqoxec]
 37465 | WizLab   | Gained mutation: You are dopey. (Int -2) [a cacodemon]
 37809 | Vaults:1 | Entered Level 1 of the Vaults
 37845 | Vaults:1 | Reached skill level 15 in Fighting
 38090 | Vaults:1 | Mangled by a vault warden

Illustrated notes

Levels and vault maps discovered:
D:1:      dpeg_arrival_rhombus, layout_loops_ring
D:2:      layout_loops_ring, basic_altar, uniq_natasha
D:3:      layout_basic, minitemple, xom_confusion_cloud,
          hellmonk_ecumenical_altar_lost_god, corexii_item_surrounded_by_moat
D:4:      layout_cave_pods, minmay_temple_entry_offerings, serial_shops,
          kennysheep_little_box, st_stairs_10, uniq_robin
D:5:      layout_basic
D:6:      layout_cave_pools, serial_shops, shop, kennysheep_opposing_triangles,
          uniq_eustachio, uniq_grinder
D:7:      layout_basic
D:8:      layout_loops_ring, gammafunk_ghost_abyssal_escape,
          minmay_misc_feat_diagonals
D:9:      layout_rooms, lair_entry_dummy
D:10:     layout_basic, erik_orc_4, serial_bayou, serial_bayou_pond_b,
          serial_bayou_shore_b, serial_bayou_lagoon_a, serial_bayou_shore_b,
          bh_circular_ruins
D:11:     layout_loops_corners, uniq_nergalle
D:12:     minmay_triangles_in_corner, layout_rooms, gauntlet_entry_generic,
          uniq_fannar, uniq_snorg
D:13:     layout_cave_pods, david_vaults_3, gammafunk_ghost_crypt,
          portal_ice_cave_entry_imps, serial_shops, bzr_entry_road,
          kennysheep_mini, shop
D:14:     layout_stronghold, serial_bayou, serial_bayou_pond_a,
          serial_bayou_shore_a, serial_bayou_pond_a, serial_bayou_crossing,
          serial_bayou_pond_a, kennysheep_cross_room, uniq_louise
D:15:     hangedman_depths_entry_civil_slaughter, layout_rooms,
          roderic_serpentine_path
Temple:   eino_wide_crystal_templ
Lair:1:   layout_misc_corridors, infiniplex_staircase_pool_2,
          minmay_lair_oklob_chamber
Lair:2:   layout_loops_ring, gammafunk_ghost_necromancy
Lair:3:   layout_chaotic_city, minmay_snake_entry_six_corridors
Lair:4:   layout_cellular_growth, swamp_mist, beast_lair_carwin_3
Lair:5:   layout_hall_layers, slime_altar_1, st_stairs_12, grunt_megastairs_5
Lair:6:   hangedman_lair_caniforms_friends, layout_loops_ring, wormcave,
          grunt_megastairs_3, uniq_sonja, uniq_josephine
Swamp:1:  layout_basic_swamp, gammafunk_ghost_necromancy,
          nicolae_swamp_dense_foliage, worms_lemuel, infiniplex_staircase_pool
Swamp:2:  nicolae_swamp_long_stream, layout_basic_swamp, gammafunk_ghost_grave,
          evilmike_swamp_ruin_house_4
Swamp:3:  layout_basic_swamp, serial_swamp_ruin, evilmike_swamp_ruin_rubble_2,
          evilmike_swamp_ruin_house_1, evilmike_swamp_ruin_house_2, swamp_pool5,
          hangedman_swamp_diagram, nicolae_swamp_spooky_pond
Swamp:4:  swamp_icy, layout_basic_swamp
Snake:1:  layout_cave_shapes, basic_altar, uniq_aizul
Snake:2:  layout_rooms, grunt_ministairs_5, uniq_vashnia, uniq_asterion,
          uniq_agnes
Snake:3:  layout_layer_cave, minmay_shop_star
Snake:4:  snake_pit, layout_misc_corridors, basic_altar, serial_shops,
          nicolae_shop_waterfront
Orc:1:    layout_caves, serial_shops, shop
Orc:2:    kennysheep_orc_mage_school, layout_diamond_mine, basic_altar,
          minmay_orc_temple_a, uniq_azrael, uniq_erolcha, uniq_saint_roka
Vaults:1: v_misc_10, vaults_room_fours, v_alt_pattern_1, nicolae_vaults_arrows,
          ontoclasm_vaults_ring_small, vaults_room_pools,
          nicolae_vaults_quartermaster, v_pattern_1, vaults_room_fancy_cross,
          ontoclasm_vaults_gateway, v_misc_10, layout_vaults_omnicross,
          serial_shops, nicolae_shop_window_shopping
Depths:1: layout_cave_shapes, hell_entry, serial_column_ruins, column_ruins_hut,
          column_ruins_grid_1, column_ruins_open_small,
          column_ruins_columns_straight, column_ruins_open_tiny_water,
          column_ruins_grid_2, abyss_entry, mu_enter_wizlab_4,
          grunt_pan_entry_sceptre, grunt_tower_of_power, minmay_shop_grove,
          serial_bayou_shore_b

Skill      XL: |  1  2  3  4  5  6  7  8  9 10 11 12 13 14 15 16 17 18 19 20 |
---------------+-------------------------------------------------------------+-----
Fighting       | 2 3 4 5 6 7 9 10 11 12 14 15 | 15.0
Short Blades   | 2 3 4 5 6 8 10 12 13 14 15 16 | 16.0
Dodging        | 1 2 4 6 7 8 10 | 10.1
Stealth        | 6 8 10 12 13 14 15 16 | 16.0
Invocations    | 3 6 7 9 11 13 14 15 16 | 16.0
Evocations     | 2 4 5 6 8 |  8.1
Shields        | 2 4 5 8 11 13 14 | 14.0
Armour         | 1 3 4 6 |  6.1
Throwing       | |  1.7

Action                   |  1- 3 |  4- 6 |  7- 9 | 10-12 | 13-15 | 16-18 | 19-21 || total
-------------------------+-------+-------+-------+-------+-------+-------+-------++-------
Melee: Dagger            |    85 |   182 |   392 |   915 |  1892 |  1629 |   744 ||  5839
       Bite              |    20 |    33 |   126 |   402 |   823 |   764 |   425 ||  2593
       Rapier            |       |       |       |       |    21 |       |       ||    21
Throw: Dart              |       |     2 |    14 |    33 |     5 |     4 |     2 ||    60
       Boomerang         |       |       |       |     3 |       |       |     1 ||     4
       Throwing net      |       |       |       |     1 |       |       |       ||     1
Invok: Line Pass         |       |       |       |     8 |       |     3 |     2 ||    13
       Stomp             |       |       |       |     3 |       |       |       ||     3
       Grand Finale      |       |       |       |     2 |       |       |     1 ||     3
Evoke: Wand              |       |       |       |     8 |     2 |     8 |     2 ||    20
       Condenser vane    |       |       |       |     1 |     1 |     2 |     1 ||     5
       Box of beasts     |       |       |       |     1 |       |     2 |     1 ||     4
  Use: Scroll            |     3 |     2 |     8 |     7 |    14 |     8 |     5 ||    47
       Potion            |     1 |     2 |     1 |     2 |       |       |       ||     6
 Stab: Sleeping          |     8 |     2 |    15 |     6 |    47 |    79 |    24 ||   181
       Paralysed         |       |       |     7 |    33 |   107 |    95 |    62 ||   304
       Confused          |       |       |       |     7 |     3 |     1 |     1 ||    12
       Held in net/web   |       |       |       |     3 |       |       |       ||     3
       Distracted        |       |       |       |       |     4 |     8 |       ||    12
Armor: Ring mail         |    23 |    33 |    55 |       |       |       |       ||   111
       Skin              |     6 |    48 |    32 |       |       |       |       ||    86
       Scale mail        |       |       |    52 |   215 |   128 |   239 |   121 ||   755
       Shadow dragon sca |       |       |       |       |   492 |   211 |       ||   703
Dodge: Dodged            |    33 |    49 |    92 |   334 |   739 |   619 |   313 ||  2179
Block: Buckler           |       |       |    28 |   145 |   314 |   387 |    51 ||   925
       Kite shield       |       |       |       |       |       |       |   260 ||   260

Table legend: (Time is in decaauts)
 A = Elapsed time spent in this place.
 B = Non-inter-level travel time spent in this place.
 C = Inter-level travel time spent in this place.
 D = Time resting spent in this place.
 E = Time spent auto-exploring this place.
 F = Levels seen in this place.
 G = Mean time per level.
                   A        B        C        D        E       F      G
               +--------+--------+--------+--------+--------+-----+--------+
         Total |  35495 |  31176 |   4319 |   3050 |  19598 |  38 |  934.1 |
       Dungeon |  16470 |  13727 |   2743 |   1221 |   9396 |  15 | 1098.0 |
        Temple |     69 |     48 |     21 |      0 |     41 |   1 |   69.0 |
          Lair |   6534 |   5836 |    698 |    377 |   3908 |   6 | 1089.0 |
         Swamp |   2951 |   2743 |    208 |    172 |   1823 |   4 |  737.8 |
     Snake Pit |   4655 |   4235 |    420 |    411 |   2527 |   4 | 1163.8 |
  Orcish Mines |   2202 |   2054 |    148 |    170 |   1057 |   2 | 1101.0 |
        Vaults |    246 |    246 |      0 |    116 |     40 |   1 |  246.0 |
        Depths |    406 |    330 |     76 |    158 |      0 |   1 |  406.0 |
        Bazaar |    130 |    130 |      0 |      0 |     75 |   1 |  130.0 |
      Ice Cave |    658 |    658 |      0 |      0 |    456 |   1 |  658.0 |
        Wizlab |    469 |    469 |      0 |    285 |      0 |   1 |  469.0 |
      Gauntlet |    698 |    698 |      0 |    139 |    275 |   1 |  698.0 |
               +--------+--------+--------+--------+--------+-----+--------+

Top non-repeatable levels by time:
    D:12: 1878 daAuts
   Orc:2: 1668 daAuts
  Lair:6: 1561 daAuts
     D:2: 1514 daAuts
 Snake:3: 1276 daAuts
    D:11: 1267 daAuts
    D:13: 1265 daAuts
  Lair:3: 1250 daAuts
 Snake:2: 1246 daAuts
     D:7: 1168 daAuts
     D:9: 1161 daAuts
     D:5: 1116 daAuts
 Snake:1: 1084 daAuts
    D:10: 1059 daAuts
 Snake:4: 1048 daAuts
